PBL
TEXAS RANGERS @ TAMPA BAY RAYS
10/07/2070
 
TOP OF THE 1ST
Texas Rangers batting - Pitching for Tampa Bay Rays : RHP Armando Guillén
Pitching: RHP Armando Guillén
Batting: LHB Ken'ichi Matsuura 0-0: Swinging Strike
0-1: Ball
1-1: Ball
2-1: Foul Ball, location: 5F
2-2: Ground out 5-3 (Groundball, 5S, EV 75.0 MPH)
Batting: SHB Cary Mench 0-0: Foul Ball, location: 23F
0-1: Ball
1-1: Ground out 5-3 (Groundball, 56, EV 92.5 MPH)
Batting: LHB Noburo Oike 0-0: Ball
1-0: Ball
2-0: Swinging Strike
2-1: Ball
3-1: Swinging Strike
3-2: Strikes out swinging
Top of the 1st over - 0 runs, 0 hits, 0 errors, 0 left on base; Texas 0 - Tampa Bay 0
BOTTOM OF THE 1ST
Tampa Bay Rays batting - Pitching for Texas Rangers : LHP Joe Wheeler
Pitching: LHP Joe Wheeler
Batting: RHB Ken Potter 0-0: Ball
1-0: Called Strike
1-1: Foul Ball, location: 3FF
1-2: Ball
2-2: Foul Ball, location: 3F
2-2: Ground out 4-3 (Groundball, 34, EV 87.5 MPH)
Batting: LHB Manuel Gonzáles 0-0: SINGLE (Groundball, 34S, EV 84.4 MPH) (infield hit)
Batting: RHB Tom Pike 0-0: Swinging Strike
0-1: Ball
1-1: Swinging Strike
1-2: SINGLE (Line Drive, 6D, EV 96.9 MPH)
Manuel Gonzáles to second
Batting: RHB Jorge Baca 0-0: 3-RUN HOME RUN (Flyball, 78XD, EV 106.9 MPH), Distance : 422 ft
Batting: RHB Armando Guillén 0-0: Swinging Strike
0-1: Swinging Strike
0-2: Strikes out swinging
Batting: RHB Clay Campeau 0-0: Called Strike
0-1: Ball
1-1: Ground out 4-3 (Groundball, 4, EV 104.4 MPH)
Bottom of the 1st over - 3 runs, 3 hits, 0 errors, 0 left on base; Texas 0 - Tampa Bay 3
TOP OF THE 2ND
Texas Rangers batting - Pitching for Tampa Bay Rays : RHP Armando Guillén
Batting: LHB Michael Gutiérrez 0-0: Called Strike
0-1: Foul Ball, location: 2F
0-2: Ball
1-2: Ball
2-2: Foul Ball, location: 2LF
2-2: Ball
3-2: Base on Balls
Batting: LHB Bill Smith 0-0: Ball
1-0: Ball
2-0: Ball
3-0: Base on Balls
Michael Gutiérrez to second
Batting: RHB Gabriel Gutiérrez 0-0: Swinging Strike
0-1: Ball
1-1: Fly out, F3 (Popup, 34S, EV 83.1 MPH)
Batting: LHB Scott Reid 0-0: Swinging Strike
0-1: Ball
1-1: Foul Ball, location: 2F
1-2: Ball
2-2: Foul Ball, location: 3FF
2-2: Strikes out swinging
Batting: RHB Carlos Rivera 0-0: Foul Ball, location: 5DF
0-1: Ball
1-1: Swinging Strike
1-2: Fly out, F8 (Flyball, 8RD, EV 96.9 MPH)
Top of the 2nd over - 0 runs, 0 hits, 0 errors, 2 left on base; Texas 0 - Tampa Bay 3
BOTTOM OF THE 2ND
Tampa Bay Rays batting - Pitching for Texas Rangers : LHP Joe Wheeler
Batting: RHB Kenko Endo 0-0: Called Strike
0-1: Ball
1-1: Ball
2-1: Foul Ball, location: 2F
2-2: Ball
3-2: Ground out 2-3 (Groundball, 13S, EV 71.3 MPH)
Batting: LHB César García 0-0: Ball
1-0: Called Strike
1-1: Fly out, F8 (Flyball, 89M, EV 95.0 MPH)
Batting: RHB Pedro Yega 0-0: Ball
1-0: Ball
2-0: Ball
3-0: Swinging Strike
3-1: Swinging Strike
3-2: Strikes out looking
Bottom of the 2nd over - 0 runs, 0 hits, 0 errors, 0 left on base; Texas 0 - Tampa Bay 3
TOP OF THE 3RD
Texas Rangers batting - Pitching for Tampa Bay Rays : RHP Armando Guillén
Batting: RHB Gerald Weaver 0-0: Ball
1-0: Ball
2-0: Swinging Strike
2-1: Fly out, F4 (Popup, 4MD, EV 56.9 MPH)
Batting: LHB Ken'ichi Matsuura 0-0: Called Strike
0-1: Ball
1-1: Fly out, F7 (Flyball, 7, EV 94.4 MPH)
Batting: SHB Cary Mench 0-0: Ball
1-0: Called Strike
1-1: Foul Ball, location: 5F
1-2: TRIPLE (Line Drive, 89XD, EV 105.0 MPH)
Batting: LHB Noburo Oike 0-0: Foul Ball, location: 3F
0-1: Called Strike
0-2: Ball
1-2: Strikes out looking
Top of the 3rd over - 0 runs, 1 hit, 0 errors, 1 left on base; Texas 0 - Tampa Bay 3
BOTTOM OF THE 3RD
Tampa Bay Rays batting - Pitching for Texas Rangers : LHP Joe Wheeler
Batting: RHB Ken Potter 0-0: Called Strike
0-1: Foul Ball, location: 2F
0-2: Ball
1-2: Strikes out swinging
Batting: LHB Manuel Gonzáles 0-0: Ball
1-0: Ball
2-0: Ball
3-0: Called Strike
3-1: Foul Ball, location: 2F
3-2: Ground out 4-3 (Groundball, 4, EV 82.5 MPH)
Batting: RHB Tom Pike 0-0: Foul Ball, location: 2F
0-1: Foul Ball, location: 25FF
0-2: Ball
1-2: Strikes out swinging
Bottom of the 3rd over - 0 runs, 0 hits, 0 errors, 0 left on base; Texas 0 - Tampa Bay 3
TOP OF THE 4TH
Texas Rangers batting - Pitching for Tampa Bay Rays : RHP Armando Guillén
Batting: LHB Michael Gutiérrez 0-0: Ball
1-0: Ball
2-0: Ball
3-0: Called Strike
3-1: DOUBLE (Line Drive, 78D, EV 98.1 MPH)
Batting: LHB Bill Smith 0-0: Called Strike
0-1: Ball
1-1: Ball
2-1: Fly out, F8 (Flyball, 8LD, EV 104.4 MPH)
Runner from 2nd tags up, SAFE at 3rd with throw by CF
Batting: RHB Gabriel Gutiérrez 0-0: Called Strike
0-1: Reached on error, E5 (Groundball, 56, EV 82.5 MPH)
Batting: LHB Scott Reid 0-0: SINGLE (Groundball, 34D, EV 110.0 MPH)
Michael Gutiérrez scores
Gabriel Gutiérrez to second
Runner from 2nd tries for 3rd, SAFE, throw by RF made to third
Batting: RHB Carlos Rivera 0-0: Fly out, F8 (Line Drive, 78M, EV 95.6 MPH)
Runner from 3rd tags up, SCORES, throw by CF
Batting: RHB Gerald Weaver 0-0: Ball
1-0: Ball
2-0: Fielders Choice at 2nd, 6-4 (Groundball, 6, EV 85.0 MPH)
Top of the 4th over - 2 runs, 2 hits, 1 error, 1 left on base; Texas 2 - Tampa Bay 3
BOTTOM OF THE 4TH
Tampa Bay Rays batting - Pitching for Texas Rangers : LHP Joe Wheeler
Batting: RHB Jorge Baca 0-0: Ball
1-0: Fly out, F8 (Flyball, 8LD, EV 105.6 MPH)
Batting: RHB Armando Guillén 0-0: Ball
1-0: Foul Ball, location: 2F
1-1: Ball
2-1: Ground out 4-3 (Groundball, 4, EV 87.5 MPH)
Batting: RHB Clay Campeau 0-0: Fly out, F9 (Flyball, 9, EV 86.9 MPH)
Bottom of the 4th over - 0 runs, 0 hits, 0 errors, 0 left on base; Texas 2 - Tampa Bay 3
TOP OF THE 5TH
Texas Rangers batting - Pitching for Tampa Bay Rays : RHP Armando Guillén
Batting: LHB Ken'ichi Matsuura 0-0: Foul Ball, location: 7LSF
0-1: Ball
1-1: Ground out 5-3 (Groundball, 5, EV 106.3 MPH)
Batting: SHB Cary Mench 0-0: Ball
1-0: Called Strike
1-1: Called Strike
1-2: TRIPLE (Line Drive, 78XD, EV 102.5 MPH)
Batting: LHB Noburo Oike 0-0: Called Strike
0-1: Called Strike
0-2: Foul Ball, location: 7LMF
0-2: Foul Ball, location: 7LDF
0-2: Ball
1-2: Foul Ball, location: 3F
1-2: Fly out, F8 (Flyball, 8LD, EV 86.9 MPH)
Runner from 3rd tags up, OUT at HOME! 8-2
Top of the 5th over - 0 runs, 1 hit, 0 errors, 0 left on base; Texas 2 - Tampa Bay 3
BOTTOM OF THE 5TH
Tampa Bay Rays batting - Pitching for Texas Rangers : LHP Joe Wheeler
Batting: RHB Kenko Endo 0-0: Called Strike
0-1: Foul Ball, location: 2F
0-2: Hit by Pitch
Batting: LHB César García 0-0: Ball
1-0: Called Strike
1-1: Sac Bunt to 13S - play at first, batter OUT! 1-3
Kenko Endo to second
Batting: RHB Pedro Yega 0-0: Ball
1-0: Fly out, F9 (Flyball, 9D, EV 86.9 MPH)
Runner from 2nd tags up, SAFE at 3rd, no throw by RF
Batting: RHB Ken Potter 0-0: Swinging Strike
0-1: Fly out, F5 (Popup, 5SF, EV 70.6 MPH)
Bottom of the 5th over - 0 runs, 0 hits, 0 errors, 1 left on base; Texas 2 - Tampa Bay 3
TOP OF THE 6TH
Texas Rangers batting - Pitching for Tampa Bay Rays : RHP Armando Guillén
Pitching: RHP Tom Pope
Batting: LHB Michael Gutiérrez 0-0: Called Strike
0-1: Swinging Strike
0-2: Strikes out swinging
Batting: LHB Bill Smith 0-0: Ball
1-0: Ball
2-0: Called Strike
2-1: Ground out 4-3 (Groundball, 4, EV 86.3 MPH)
Batting: RHB Gabriel Gutiérrez 0-0: Fly out, F5 (Line Drive, 5, EV 64.4 MPH)
Top of the 6th over - 0 runs, 0 hits, 0 errors, 0 left on base; Texas 2 - Tampa Bay 3
BOTTOM OF THE 6TH
Tampa Bay Rays batting - Pitching for Texas Rangers : LHP Joe Wheeler
Batting: LHB Manuel Gonzáles 0-0: Called Strike
0-1: Foul Ball, location: 23F
0-2: Ball
1-2: Ball
2-2: Ground out 4-3 (Groundball, 4, EV 110.0 MPH)
Batting: RHB Tom Pike 0-0: Called Strike
0-1: Ball
1-1: Ball
2-1: Fly out, F7 (Flyball, 7, EV 89.4 MPH)
Batting: RHB Jorge Baca 0-0: Ball
1-0: Ball
2-0: Ground out 5-3 (Groundball, 56S, EV 86.9 MPH)
Bottom of the 6th over - 0 runs, 0 hits, 0 errors, 0 left on base; Texas 2 - Tampa Bay 3
TOP OF THE 7TH
Texas Rangers batting - Pitching for Tampa Bay Rays : RHP Tom Pope
Batting: LHB Scott Reid 0-0: Foul Ball, location: 3SF
0-1: Ball
1-1: Foul Ball, location: 7LSF
1-2: Ball
2-2: Foul Ball, location: 2F
2-2: Ball
3-2: Ground out 5-3 (Groundball, 56, EV 81.9 MPH)
Pinch Hitting: LHB Todd White 0-0: Ball
1-0: Swinging Strike
1-1: Called Strike
1-2: Ball
2-2: Ball
3-2: Base on Balls
Pinch Hitting: SHB Jack Torres 0-0: Ball
1-0: Grounds into double play, 4-6-3 (Groundball, 13, EV 85.0 MPH)
Top of the 7th over - 0 runs, 0 hits, 0 errors, 0 left on base; Texas 2 - Tampa Bay 3
BOTTOM OF THE 7TH
Tampa Bay Rays batting - Pitching for Texas Rangers : LHP Joe Wheeler
Now at 1B: Jack Torres
Now at SS: Todd White
Now in CF: Michael Gutiérrez
Batting: RHB Armando Guillén 0-0: Ball
1-0: Ball
2-0: Foul Ball, location: 7LMF
2-1: Swinging Strike
2-2: Foul Ball, location: 25F
2-2: Strikes out swinging
Pitching: RHP Tyler Long
Batting: RHB Clay Campeau 0-0: Called Strike
0-1: Swinging Strike
0-2: Ball
1-2: Ball
2-2: Ball
3-2: Foul Ball, location: 9LDF
3-2: Base on Balls
Batting: RHB Kenko Endo 0-0: Grounds into double play, 6-4-3 (Groundball, 6, EV 87.5 MPH)
Bottom of the 7th over - 0 runs, 0 hits, 0 errors, 0 left on base; Texas 2 - Tampa Bay 3
TOP OF THE 8TH
Texas Rangers batting - Pitching for Tampa Bay Rays : RHP Tom Pope
Batting: LHB Ken'ichi Matsuura 0-0: Ball
1-0: Ground out 6-3 (Groundball, 56D, EV 104.4 MPH)
Batting: SHB Cary Mench 0-0: Ground out 4-3 (Groundball, 4, EV 87.5 MPH)
Batting: LHB Noburo Oike 0-0: Foul Ball, location: 2F
0-1: Swinging Strike
0-2: Foul Ball, location: 7LDF
0-2: Ball
1-2: Ground out 4-3 (Groundball, 4M, EV 103.1 MPH)
Top of the 8th over - 0 runs, 0 hits, 0 errors, 0 left on base; Texas 2 - Tampa Bay 3
BOTTOM OF THE 8TH
Tampa Bay Rays batting - Pitching for Texas Rangers : RHP Tyler Long
Batting: LHB César García 0-0: Ball
1-0: Ball
2-0: Ground out 4-3 (Groundball, 34D, EV 99.4 MPH)
Batting: RHB Pedro Yega 0-0: Ball
1-0: Ball
2-0: Ball
3-0: Called Strike
3-1: Foul Ball, location: 3FF
3-2: Strikes out looking
Batting: RHB Ken Potter 0-0: Called Strike
0-1: Ball
1-1: Ball
2-1: Swinging Strike
2-2: Ball
3-2: Strikes out swinging
Bottom of the 8th over - 0 runs, 0 hits, 0 errors, 0 left on base; Texas 2 - Tampa Bay 3
TOP OF THE 9TH
Texas Rangers batting - Pitching for Tampa Bay Rays : RHP Tom Pope
Pitching: RHP Fernando Gutiérrez
Batting: LHB Michael Gutiérrez 0-0: Ball
1-0: Foul Ball, location: 2F
1-1: Ball
2-1: Foul Ball, location: 2F
2-2: Ball
3-2: Ground out 4-3 (Groundball, 4D, EV 100.0 MPH)
Batting: LHB Bill Smith 0-0: Called Strike
0-1: Ball
1-1: Foul Ball, location: 7LDF
1-2: Strikes out swinging
Batting: RHB Gabriel Gutiérrez 0-0: Ball
1-0: Fly out, F8 (Flyball, 78M, EV 93.1 MPH)
Top of the 9th over - 0 runs, 0 hits, 0 errors, 0 left on base; Texas 2 - Tampa Bay 3
Thursday, February 22nd , 2024 - OOTP Baseball 24.11 Build 85